 Dungeon Crawl Stone Soup version 0.16-a0-702-gf4f471d (webtiles) character file.

121 MackTheKnife the Insei (level 5, -3/41 HPs)
             Began as a Human Monk on Sept 20, 2014.
             Slain by an orc priest
             ... wielding a +0 short sword
              (5 damage)
             ... on Level 3 of the Dungeon.
             The game lasted 00:04:39 (3090 turns).

MackTheKnife the Insei (Human Monk)                 Turns: 3090, Time: 00:04:40

HP  -3/41        AC  6     Str 12      XL: 5   Next: 26%
MP   5/5         EV 13     Int 10      God:
Gold 113         SH  0     Dex 16      Spells:  1 memorised,  3 levels left

rFire  . . .     SeeInvis .       - Unarmed
rCold  . . .     Clarity  .     q - +0 leather armour
rNeg   . . .     rCorr    .     (no shield)
rPois  .         rRot     .     e - +2 helmet
rElec  .         Spirit   .     (no cloak)
SustAb .         Warding  .     (no gloves)
rMut   .         Stasis   .     (no boots)
Gourm  .                        (no amulet)
MR     .....                    (no ring)
                                (no ring)

@: not resistant to hostile enchantments, unstealthy
A: no striking features
a: no special abilities


You were on level 3 of the Dungeon.
You were not hungry.

You visited 1 branch of the dungeon, and saw 3 of its levels.

You collected 113 gold pieces.


   Skills:
 - Level 3.0 Fighting
 + Level 4.2 Dodging
 - Level 2.0 Stealth
 + Level 5.4 Unarmed Combat


You had 3 spell levels left.
You knew the following spells:

 Your Spells              Type           Power        Failure   Level  Hunger
z - Summon Small Mammal   Summ           #...         38%         1    ##.....

Inventory:

Missiles
 h - 15 stones (quivered)
Armour
 e - a +2 helmet (worn)
 q - a +0 leather armour (worn)
Comestibles
 b - 5 bread rations
 f - 4 fruits
 g - 2 beef jerkies
Scrolls
 d - 2 scrolls of teleportation
 j - a scroll of recharging {unknown}
 k - a scroll of immolation {unknown}
 l - 2 scrolls of fog {unknown}
 m - 2 scrolls of identify
 n - a scroll of fear {unknown}
 p - 2 scrolls of remove curse {unknown}
Potions
 a - 2 potions of magic {unknown}
 c - a potion of heal wounds {unknown}
 i - 2 potions of curing
Books
 o - a book of Cantrips

   Spells                             Type                      Level
   Corona                             Hexes                        1
   Animate Skeleton                   Necromancy                   1
   *Summon Small Mammal               Summoning                    1
   Apportation                        Translocation                1

····<···▒▒▒▒▒··▒···▒▒▒·▒·▒
·▒▒▒·············▒·▒ ▒·▒·▒
·▒▒▒·▒·▒▒▒·▒▒····▒·▒ ▒·▒·▒
····>··········▒·▒·▒▒▒·▒·▒
·▒·▒·▒▒▒▒▒·▒▒▒▒▒·········▒
···········▒ ▒·▒▒▒▒▒▒▒▒▒
·▒·▒·▒▒▒▒▒▒▒ ▒·▒
·▒·▒······▒▒▒▒▒▒·▒
·▒·▒·▒▒▒▒······▒p▒
·▒·▒▒▒▒▒▒▒▒▒▒▒·▒o▒░░
···········▒▒▒·▒·▒◦▒
···············▒·▒·▒▒░
▒▒·▒▒▒▒▒▒▒·▒▒▒▒▒·····░ ▒·▒
▒····%·<▒◦░░░ ░▒·▒
▒▒▒▒·▒▒▒▒◦░ ░▒·▒ ▒····▒◦░
▒▒·▒ ▒·▒▒·▒◦░


You could see an orc priest.


Message History

The orc is heavily wounded.
The orc misses you.
You completely miss the orc.
The orc is heavily wounded.
The orc hits you but does no damage.
You hit the orc but do no damage.
The orc is heavily wounded.
The orc priest invokes the aid of Beogh against you.
Something smites you!
* * * LOW HITPOINT WARNING * * *
The orc hits you but does no damage.
You hit the orc but do no damage.
The orc is heavily wounded.
The orc hits you but does no damage.
You hit the orc.
You kill the orc!
Unknown command.
You hit the orc priest.
The orc priest is lightly wounded.
The orc priest mumbles some strange prayers to Beogh against you.
Something smites you!
* * * LOW HITPOINT WARNING * * *
You closely miss the orc priest.
The orc priest is lightly wounded.
The orc priest closely misses you.
You completely miss the orc priest.
You punch the orc priest, but do no damage.
The orc priest is lightly wounded.
The orc priest hits you with a short sword.
You die...

Action                   |  1- 3 |  4- 6 || total
-------------------------+-------+-------++-------
Melee: Unarmed           |   139 |   153 ||   292
Throw: Stone             |     4 |     6 ||    10
 Cast: Summon Small Mamm |       |     2 ||     2
  Use: Scroll            |       |     3 ||     3
 Stab: Sleeping          |     2 |     1 ||     3
  Eat: Chunk             |     1 |     1 ||     2
       Meat ration       |       |     1 ||     1

Vault maps used:
D:1:      minmay_arrival_nine_rooms, hangedman_decor_clover_reticule
D:2:      first_bread
D:3:      cheibriados_altar_1

Notes
Turn   | Place    | Note
--------------------------------------------------------------
     0 | D:1      | MackTheKnife, the Human Monk, began the quest for the Orb.
     0 | D:1      | Reached XP level 1. HP: 18/18 MP: 1/1
   266 | D:1      | Reached XP level 2. HP: 16/24 MP: 2/2
   938 | D:1      | Reached XP level 3. HP: 29/29 MP: 3/3
  1490 | D:2      | Reached XP level 4. HP: 27/35 MP: 4/4
  1587 | D:2      | Reached skill level 5 in Unarmed Combat
  1957 | D:2      | Learned a level 1 spell: Summon Small Mammal
  2412 | D:3      | Reached skill level 4 in Dodging
  2505 | D:3      | Reached XP level 5. HP: 33/41 MP: 5/5
  2830 | D:3      | Found a snail-covered altar of Cheibriados.
  3088 | D:3      | HP: 2/41 [orc priest/divine providence (14)]
  3090 | D:3      | Slain by an orc priest

Vanquished Creatures
  5 adders
  4 giant geckos
  An ooze (D:3)
  6 orcs (D:3)
  2 ball pythons
  A giant cockroach (D:3)
  3 goblins
  7 hobgoblins
  4 quokkas (D:2)
  9 bats
  3 giant newts
  10 kobolds
  13 rats
68 creatures vanquished.
